 Dungeon Crawl Stone Soup version 0.19-a0-1932-g59670f6 (webtiles) character file.

2676 witty the Slicer (level 9, -8/57 HPs)
             Began as a Kobold Hunter on Oct 26, 2016.
             Was an Initiate of Gozag.
             Mangled by a yak (13 damage)
             ... while paralysed
             ... on level 1 of the Lair of Beasts.
             The game lasted 00:33:37 (7709 turns).

witty the Slicer (Kobold Hunter)                    Turns: 7709, Time: 00:33:38

Health: -8/57      AC:  7    Str: 14    XL:     9   Next: 95%
Magic:  12/12      EV:  3    Int: 12    God:    Gozag
Gold:   1195       SH:  0    Dex: 18    Spells: 0 memorised, 8 levels left

rFire  x . .     SeeInvis .     d - +1 short sword (elec)
rCold  + . .     Gourm    .     n - +1 robe of Divine Compulsion {rElec Str+4} (curse)
rNeg   . . .     Faith    .     (shield restricted)
rPois  .         Spirit   .     (no helmet)
rElec  +         Reflect  +     t - +2 cloak
rCorr  .         Harm     .     r - +0 pair of gloves
MR     .....     Rnd*Tele +     (no boots)
Stlth  +++.......               p - +3 amulet of reflection
                                L - ring of teleportation (curse) {+/*tele, !d}
                                Q - ring of ice (curse) {rC+, rF-}

@: paralysed, gold aura, fainting
A: carnivore 3
a: Potion Petition, Call Merchant, Bribe Branch, Renounce Religion


You were on level 1 of the Lair of Beasts.
You worshipped Gozag.
Gozag was most pleased with you.
You were fainting.

You visited 2 branches of the dungeon, and saw 10 of its levels.
You also visited: Sewer.

You collected 1213 gold pieces.
You paid 18 gold pieces to Gozag.

Inventory:

Hand Weapons
 a - a +1 dagger of speed
   (You took it off a kobold in a sewer)
 b - a +1 hand crossbow
 d - a +1 short sword of electrocution (weapon)
   (You took it off an orc on level 5 of the Dungeon)
 e - a +0 dagger of protection
   (You took it off an orc wizard on level 4 of the Dungeon)
 u - a +0 short sword of speed
   (You took it off a kobold on level 3 of the Dungeon)
 v - a +0 blowgun
   (You took it off a kobold on level 3 of the Dungeon)
 w - a +0 falchion of electrocution
   (You took it off an orc on level 4 of the Dungeon)
 y - the cursed +0 morningstar "Guaqiwaf" {crush, Str+8, unknown}
   (You found it on level 6 of the Dungeon)

   It inflicts extra damage upon your enemies.
   It affects your strength (+8).
   It has a curse placed upon it.
 G - a +2 flail of protection
   (You took it off an orc priest on level 5 of the Dungeon)
 H - a +1 whip of venom
   (You found it on level 6 of the Dungeon)
 M - a +0 rapier of venom
   (You found it on level 7 of the Dungeon)
Missiles
 j - 47 poisoned needles
 F - 3 bolts
Armour
 n - the cursed +1 robe of Divine Compulsion (worn) {rElec Str+4}
   (You found it in a sewer)

   It affects your strength (+4).
   It insulates you from electricity.
   It has a curse placed upon it.
 r - a +0 pair of gloves (worn)
   (You found it in a sewer)
 t - a +2 cloak (worn)
   (You found it on level 3 of the Dungeon)
Jewellery
 c - an uncursed amulet of magic regeneration
   (You found it on level 4 of the Dungeon)
 h - an uncursed amulet of rage {+Rage, !d}
   (You took it off a big kobold in a sewer)
 l - a +3 ring of intelligence
   (You found it on level 2 of the Dungeon)
 o - an uncursed ring of flight {+Fly, !d}
   (You found it on level 2 of the Dungeon)
 p - a +3 amulet of reflection (around neck)
   (You found it in a sewer)
 L - a cursed ring of teleportation (right hand) {+/*tele, !d}
   (You found it on level 7 of the Dungeon)
 O - a +2 ring of dexterity {unknown}
   (You found it on level 8 of the Dungeon)
 Q - a cursed ring of ice (left hand) {rC+, rF-}
   (You found it on level 8 of the Dungeon)
Wands
 x - a wand of acid (0/15)
   (You found it on level 4 of the Dungeon)
 B - a wand of random effects (19/48)
   (You found it on level 5 of the Dungeon)
 K - a wand of acid (0/15)
   (You found it on level 7 of the Dungeon)
Scrolls
 k - 6 scrolls of remove curse
 m - 2 scrolls of magic mapping {!r}
 D - a scroll of immolation {!r}
 E - 2 scrolls of amnesia
 I - a scroll of fear
 N - 3 scrolls of identify
Potions
 g - 2 potions of brilliance
 i - 2 potions of mutation {unknown}
 q - 7 potions of flight
 s - 2 potions of magic
 z - 2 potions of curing {unknown}
 A - a potion of agility {unknown}
 C - 2 potions of might
Comestibles
 f - a beef jerky


   Skills:
 + Level 7.5 Fighting
 - Level 8.7 Short Blades
 + Level 8.0 Crossbows
 - Level 6.5 Dodging
 - Level 4.0 Stealth
 - Level 4.3 Evocations


You had 8 spell levels left.
You didn't know any spells.

Dungeon Overview and Level Annotations

Branches:
Dungeon (9/15)             Temple (0/1) D:6            Lair (1/6) D:9
    Orc: D:9-12

Altars:
Dithmenos
Gozag
Trog
Uskayaw
Xom
The Shining One

Annotations:
D:8 exclusion: Maurice, Maurice


Innate Abilities, Weirdness & Mutations

You are small and have problems with some larger weapons.
You are carnivorous and can eat meat at any time.


Message History

The bullfrog moves out of view.
You hit the bullfrog but do no damage.
The bullfrog hits you but does no damage.
You hit the bullfrog. The bullfrog barely misses you.
You hit the bullfrog.
There is a sudden explosion of sparks!
You kill the bullfrog!
You now have 1162 gold pieces (gained 8).
You now have 1178 gold pieces (gained 16).
Found a potion of flight.
Found a stone staircase leading down.
You're too hungry.
N - 3 scrolls of identify (gained 1)
You hear the slow rumble of a very distant avalanche of rocks.
You're too hungry.
You see here a flail.
You now have 1190 gold pieces (gained 12).
You see here 21 arrows.
You found a teleport trap!
f - a beef jerky You are fainting from starvation!
Okay, then.
You're too hungry.
You see here a bread ration {@e1}.
You lose consciousness!
You hear the slow rumble of a distant avalanche of rocks.
You can move again.
Unknown command.
Unknown command.
A porcupine comes into view.
Your +1 short sword of electrocution stops crackling.
Your hands tingle!
a - a +1 dagger of speed (weapon)
Firing (i - inventory): No suitable missiles.
Aim: a porcupine
Okay, then.
b - a +1 hand crossbow (weapon)
Your hands tingle!
a - a +1 dagger of speed (weapon)
You hear the crackle of electricity.
d - a +1 short sword of electrocution (weapon)
You block the porcupine's attack.
You hit the porcupine. You hit the porcupine but do no damage.
The porcupine completely misses you.
You hit the porcupine but do no damage. The porcupine misses you.
You barely miss the porcupine. The porcupine barely misses you.
You are struck by the porcupine's spines.
You hit the porcupine but do no damage. You block the porcupine's attack.
You take 10 damage, and have 46/56 hp.
You are struck by the porcupine's spines.
You hit the porcupine but do no damage. The porcupine misses you.
You take 9 damage, and have 37/56 hp.
You hit the porcupine but do no damage.
You are struck by the porcupine's spines.
You closely miss the porcupine. The porcupine bites you.
You take 9 damage, and have 28/56 hp.
You hit the porcupine but do no damage.
There is a sudden explosion of sparks!
You kill the porcupine!
Your Fighting skill increases to level 7!
You now have 1195 gold pieces (gained 5).
You're too hungry.
A yak comes into view.
The yak bellows!
You hear a bellow! x2
The yak gores you! 2 yaks come into view.
You take 7 damage, and have 25/57 hp.
You hit the yak but do no damage. The yak closely misses you.
The yak moves out of view. x2
You hit the yak but do no damage.
There is a sudden explosion of sparks!
The yak gores you but does no damage.
You hit the yak. You hit the yak but do no damage.
The yak completely misses you.
You hit the yak but do no damage. The yak completely misses you.
You hit the yak.
There is a sudden explosion of sparks!
You completely miss the yak. The yak closely misses you.
You hit the yak.
You kill the yak!
You barely miss the yak. The yak closely misses you.
You hit the yak but do no damage.
There is a sudden explosion of sparks!
You hit the yak but do no damage. The yak gores you!
* * * LOW HITPOINT WARNING * * *
You take 12 damage, and have 14/57 hp.
MASSIVE DAMAGE!!
You closely miss the yak. The yak barely misses you.
You hit the yak but do no damage.
There is a sudden explosion of sparks!
You hit the yak.
There is a sudden explosion of sparks!
You kill the yak!
Your Crossbows skill increases to level 8!
You hit the yak. You hit the yak. The yak misses you.
You barely miss the yak. The yak closely misses you.
You hit the yak but do no damage.
There is a sudden explosion of sparks!
The yak gores you!
* * * LOW HITPOINT WARNING * * *
You take 10 damage, and have 5/57 hp.
You hit the yak.
You hear the slow rumble of an avalanche of rocks nearby.
You hit the yak.
You lose consciousness!
The yak gores you!
You die...
Your body crumbles into a pile of gold.

.###### ....... ...)...
....... ..... .. ... ...
#Y## #.# . ##@####..#.
#.......... # #.......##
.# #..#P......##...#..
#...........#...#....
#...........##........
......####.###....#...
.......##..P###...#.##
.....................###


You could see a yak.

Vanquished Creatures
  Grinder (Sewer)
  A hippogriff (D:9)
  2 yaks (Lair:1)
  A hungry ghost (D:8)
  A porcupine (Lair:1)
  A black bear (D:6)
  An ogre (D:9)
  A phantom (D:7)
  2 centaurs
  2 big kobolds (Sewer)
  4 bullfrogs
  2 scorpions
  3 crimson imps
  2 hounds
  A quasit (Sewer)
  A bullfrog skeleton (D:4)
  A centaur zombie (D:8)
  3 jellies
  An orc priest (D:5)
  3 orc wizards
  2 iguanas (D:6)
  A worker ant (D:8)
  A killer bee zombie (D:7)
  A big kobold zombie (Sewer)
  A hound zombie (D:8)
  A hound skeleton (D:6)
  10 adders
  4 shadow imps (Sewer)
  5 ufetubi (Sewer)
  2 oozes (Sewer)
  A worm (D:3)
  2 dart slugs
  10 leopard geckos
  19 orcs
  10 bats
  15 giant cockroaches
  3 goblins
  4 hobgoblins
  12 jackals
  2 quokkas
  A ball python (D:2)
  2 frilled lizards
  28 kobolds
  4 rats
175 creatures vanquished.

Vanquished Creatures (others)
  A big kobold zombie (Sewer)
  A kobold zombie (Sewer)
2 creatures vanquished.

Grand Total: 177 creatures vanquished

Notes
Turn   | Place    | Note
-------+----------+-------------------------------------------
     0 | D:1      | witty the Kobold Hunter began the quest for the Orb.
     0 | D:1      | Reached XP level 1. HP: 12/12 MP: 1/1
    50 | D:1      | Reached skill level 5 in Crossbows
   220 | D:1      | Reached XP level 2. HP: 16/18 MP: 2/2
   608 | D:1      | Reached XP level 3. HP: 22/22 MP: 3/3
   638 | D:1      | Reached skill level 3 in Fighting
   842 | D:2      | Found an opulent altar of Gozag.
   881 | D:2      | Became a worshipper of Gozag Ym Sagoz the Greedy
  1131 | D:2      | Reached XP level 4. HP: 28/28 MP: 4/4
  1154 | D:2      | Found a faded altar of an unknown god.
  1377 | D:3      | Found a glowing golden altar of the Shining One.
  1525 | D:3      | Reached skill level 6 in Crossbows
  1748 | D:3      | Noticed a bullfrog
  1758 | D:3      | Killed a bullfrog
  1758 | D:3      | Reached skill level 4 in Fighting
  1758 | D:3      | Reached skill level 3 in Dodging
  1758 | D:3      | Reached XP level 5. HP: 17/33 MP: 5/5
  2147 | D:4      | Found a glowing drain.
  2199 | Sewer    | Entered a sewer
  2245 | Sewer    | Reached skill level 2 in Stealth
  2444 | Sewer    | Reached XP level 6. HP: 18/38 MP: 6/6
  2641 | Sewer    | Reached skill level 4 in Dodging
  2702 | Sewer    | Reached skill level 3 in Stealth
  2835 | Sewer    | HP: 4/38 [shadow imp/nerve-wracking pain (8)]
  2892 | Sewer    | Reached skill level 4 in Stealth
  3067 | Sewer    | Found a burning altar of Makhleb.
  3080 | Sewer    | Noticed Grinder
  3103 | Sewer    | Reached skill level 1 in Short Blades
  3111 | Sewer    | Reached skill level 2 in Short Blades
  3111 | Sewer    | Reached XP level 7. HP: 41/43 MP: 7/7
  3137 | Sewer    | Reached skill level 3 in Short Blades
  3154 | Sewer    | Killed Grinder
  3154 | Sewer    | Reached skill level 5 in Short Blades
  3192 | Sewer    | Got a creamy pearl robe
  3203 | Sewer    | Identified the cursed +1 robe of Divine Compulsion {rElec Str+4} (You found it in a sewer)
  3615 | D:4      | Reached skill level 6 in Short Blades
  3760 | D:4      | Reached XP level 8. HP: 45/48 MP: 8/8
  3810 | D:4      | Reached skill level 7 in Short Blades
  4331 | D:5      | Entered Level 5 of the Dungeon
  4613 | D:5      | Reached skill level 8 in Short Blades
  5228 | D:6      | Reached skill level 5 in Dodging
  5280 | D:6      | Reached skill level 1 in Evocations
  5485 | D:6      | Reached skill level 2 in Evocations
  5514 | D:6      | Got a transparent morningstar
  5574 | D:6      | Found a staircase to the Ecumenical Temple.
  6087 | D:7      | Found a bloodstained altar of Trog.
  6096 | D:7      | Reached skill level 5 in Fighting
  6098 | D:7      | Reached skill level 3 in Evocations
  6098 | D:7      | Reached XP level 9. HP: 49/54 MP: 11/11
  6247 | D:7      | Found a shadowy altar of Dithmenos.
  6253 | D:7      | Reached skill level 6 in Dodging
  6341 | D:7      | Noticed a hippogriff
  6583 | D:8      | Found a shimmering altar of Xom.
  6613 | D:8      | Reached skill level 4 in Evocations
  6928 | D:8      | Reached skill level 6 in Fighting
  7211 | D:8      | Noticed Maurice
  7254 | D:9      | Noticed a hippogriff
  7265 | D:9      | Killed a hippogriff
  7265 | D:9      | Reached skill level 7 in Crossbows
  7275 | D:9      | HP: 11/56 [ogre/giant club (24)]
  7519 | D:9      | Found a hide-covered altar of Uskayaw.
  7533 | D:9      | Found a staircase to the Lair.
  7544 | Lair:1   | Entered Level 1 of the Lair of Beasts
  7638 | Lair:1   | Paralysed by fainting for 10 turns
  7667 | Lair:1   | Reached skill level 7 in Fighting
  7700 | Lair:1   | HP: 14/57 [yak (12)]
  7703 | Lair:1   | Reached skill level 8 in Crossbows
  7707 | Lair:1   | HP: 5/57 [yak (10)]
  7709 | Lair:1   | Paralysed by fainting for 5 turns
  7709 | Lair:1   | Mangled by a yak

Vault maps used:
D:1:      lightli_arrival_windingriver
D:2:      lemuel_round_altar, first_bread, ecumenical_altar_2
D:3:      lemuel_crystal_altar, minmay_misc_feat_enclosed
D:4:      kennysheep_okawaru_gauntlet, gup_sewer_entry_pipe,
          corexii_checkpoint_b
D:5:      minmay_liquid_box
D:7:      cheibrodos_iron_armory, kennysheep_mini, basic_altar
D:8:      nicolae_overflow_crystal_walls, uniq_maurice
D:9:      overflow_temple_1_default, lair_0_dummy, serial_column_ruins,
          column_ruins_hut, column_ruins_hut, column_ruins_grid_1,
          column_ruins_grid_3, column_ruins_grid_3,
          column_ruins_columns_straight
Lair:1:   nicolae_volcano_entry_vermiform
Sewer:    kennysheep_sewer_church

Skill      XL: |  1  2  3  4  5  6  7  8  9 |
---------------+----------------------------+-----
Crossbows      | 5 6 8 |  8.0
Fighting       | 3 4 5 7 |  7.5
Dodging        | 3 4 5 6 |  6.5
Stealth        | 2 4 |  4.0
Short Blades   | 2 6 8 |  8.7
Evocations     | 3 4 |  4.3

Action                   |  1- 3 |  4- 6 |  7- 9 || total
-------------------------+-------+-------+-------++-------
Melee: Short sword       |    26 |   213 |    72 ||   311
       Dagger            |       |       |   375 ||   375
 Fire: Hand crossbow     |    50 |    54 |   125 ||   229
Invok: Potion Petition   |       |       |     1 ||     1
Evoke: Wand              |       |       |     7 ||     7
  Use: Scroll            |     3 |     8 |    13 ||    24
       Potion            |       |     4 |     3 ||     7
 Stab: Distracted        |       |     2 |     3 ||     5
       Sleeping          |       |     1 |     1 ||     2
  Eat: Chunk             |     9 |       |       ||     9
       Meat ration       |       |       |     2 ||     2
Armor: Leather armour    |    10 |    53 |     5 ||    68
       Robe              |       |       |    53 ||    53
Dodge: Dodged            |    20 |   237 |   220 ||   477
Block: Other             |       |       |    15 ||    15

Vault maps used:
D:1:      lightli_arrival_windingriver
D:2:      lemuel_round_altar, first_bread, ecumenical_altar_2
D:3:      lemuel_crystal_altar, minmay_misc_feat_enclosed
D:4:      kennysheep_okawaru_gauntlet, gup_sewer_entry_pipe,
          corexii_checkpoint_b
D:5:      minmay_liquid_box
D:7:      cheibrodos_iron_armory, kennysheep_mini, basic_altar
D:8:      nicolae_overflow_crystal_walls, uniq_maurice
D:9:      overflow_temple_1_default, lair_0_dummy, serial_column_ruins,
          column_ruins_hut, column_ruins_hut, column_ruins_grid_1,
          column_ruins_grid_3, column_ruins_grid_3,
          column_ruins_columns_straight
Lair:1:   nicolae_volcano_entry_vermiform
Sewer:    kennysheep_sewer_church

Table legend:
 A = Turns spent in this place as a percentage of turns spent in the entire game.
 B = Non-inter-level travel turns spent in this place as a percentage of non-inter-level travel turns spent in the entire game.
 C = Inter-level travel turns spent in this place as a percentage of turns spent in this place.
 D = Turns resting spent in this place as a percentage of non-inter-level travel turns spent in this place.
 E = Turns spent auto-exploring this place as a percentage of non-inter-level travel turns spent in this place.
 F = Non-inter-level travel turns spent in this place divided by the number of levels of this place that you've seen.
                   A       B       C       D       E      F
               +-------+-------+-------+-------+-------+----------------------
         Total | 100.0 | 100.0 |   0.3 |   1.1 |   5.1 | 298.3
       Dungeon |  74.5 |  74.4 |   0.4 |   0.9 |   6.6 | 271.3
          Lair |   4.9 |   4.9 |   0.0 |   0.0 |   0.0 | 160.0
         Sewer |  20.6 |  20.7 |   0.0 |   2.1 |   1.2 | 679.0
               +-------+-------+-------+-------+-------+----------------------

Table legend:
 A = Kills in this place as a percentage of kills in entire the game.
 B = Kills by you in this place as a percentage of kills by you in the entire game.
 C = Kills by friends in this place as a percentage of kills by friends in the entire game.
 D = Other kills in this place as a percentage of other kills in the entire game.
 E = Experience gained in this place as a percentage of experience gained in the entire game.
 F = Experience gained in this place divided by the number of levels of this place that you have seen.
                   A       B       C       D       E      F
               +-------+-------+-------+-------+-------+----------------------
         Total | 100.0 | 100.0 |  -nan |  -nan | 100.0 | 347.6
       Dungeon |  74.3 |  74.3 |  -nan |  -nan |  65.6 | 278.8
          Lair |   2.3 |   2.3 |  -nan |  -nan |  16.4 | 628.0
         Sewer |  23.4 |  23.4 |  -nan |  -nan |  18.0 | 687.0
               +-------+-------+-------+-------+-------+----------------------
